Map: Ley Lines

Players

Calyx

  • Race: Terran Terran
  • League: Grandmaster
  • Spawn Location: 7:00

A.I. 1 (Very Easy) - Winner!

  • Race: Terran Terran
  • Spawn Location: 1:00

VOD

Have the link to the VOD?

Description

Time

  • Played on: Aug. 1, 2025, 5:25 a.m.
  • Length: 6:25
Show
View Real Time Build Order
Export as new Build Order

Calyx Terran 

Build Orders: Reaper Expand 

Get SALT Encoding   

  12  0:00  SCV  
  13  0:12  SCV  
  14  0:16  Supply Depot  
  14  0:24  SCV  
  15  0:38  SCV  
  15  0:40  Barracks  
  16  0:45  Refinery  
  16  0:50  SCV  
  17  1:02  SCV  
  18  1:16  SCV  
  19  1:28  Orbital Command  
  19  1:29  Reaper  
  20  1:39  Command Center  
  20  1:48  Barracks  
  20  1:53  SCV  
  21  2:02  Barracks Reactor  
  21  2:05  Supply Depot, SCV  
  22  2:17  SCV  
  22  2:18  Barracks  
  23  2:29  SCV  
  24  2:36  Barracks Tech Lab  
  24  2:39  Marine x2  
  24  2:41  SCV  
  27  2:51  Orbital Command  
  27  2:54  Marine, SCV  
  27  2:56  Stimpack  
  27  2:57  Marine  
  30  3:00  Marine  
  30  3:04  Barracks Tech Lab  
  31  3:06  SCV  
  31  3:11  Marine  
  33  3:13  Supply Depot  
  33  3:15  Marine  
  33  3:17  SCV  
  33  3:18  Marine, SCV  
  37  3:23  Marine  
  37  3:25  Combat Shield  
  38  3:29  SCV  
  38  3:30  SCV  
  38  3:32  Marine  
  41  3:36  Marine  
  41  3:40  Marauder  
  41  3:41  Marauder, SCV  
  46  3:42  SCV  
  46  3:43  Refinery  
  46  3:45  Supply Depot  
  48  3:50  Marine  
  48  3:53  SCV  
  48  3:54  Marine, SCV  
  52  3:57  Supply Depot  
  52  4:03  Marauder  
  52  4:06  SCV x2  
  52  4:07  Marauder  
  52  4:08  Marine  
  59  4:11  Marine  
  60  4:19  SCV x2  
  62  4:25  Factory  
  62  4:28  Supply Depot  
  62  4:30  Marine x2  
  62  4:31  Marine x2, SCV x2  
  68  4:40  Engineering Bay  
  68  4:43  SCV x2  
  70  4:48  Refinery  
  70  4:51  Marine x4, Supply Depot  
  74  4:55  Concussive Shells, SCV x2  
  76  5:04  Supply Depot  
  76  5:07  SCV x2  
  76  5:10  Starport  
  78  5:15  Supply Depot  
  78  5:16  Factory Reactor  
  78  5:19  SCV x2  
  80  5:22  Refinery  
  80  5:28  Marine x4  
  81  5:31  SCV x2  
  86  5:43  SCV x2  
  86  5:45  Command Center  
  88  5:51  Supply Depot  
  88  5:52  Supply Depot  
  88  5:55  Marine x4, SCV x2  
  94  6:07  SCV x2  
  94  6:08  Factory Reactor  
  100  6:14  Barracks  
  100  6:17  Barracks  
  100  6:21  Supply Depot x2  
Show
View Real Time Build Order
Export as new Build Order

A.I. 1 (Very Easy) Terran - Winner!

Build Orders:  

Get SALT Encoding   

  12  0:00  SCV  
  13  0:13  SCV  
  14  0:18  Supply Depot  
  14  0:37  Refinery  
  14  0:41  Barracks  
  14  1:04  Supply Depot  
  14  1:11  Refinery  
  14  1:29  Orbital Command, Barracks Tech Lab  
  14  1:47  Marine  
  15  1:55  SCV  
  16  2:07  SCV  
  17  2:19  SCV  
  18  2:31  SCV  
  18  2:34  Marine  
  20  2:43  SCV  
  20  2:55  SCV  
  21  3:21  Marine  
  22  4:09  Marauder  
  24  5:21  Marine  
  24  5:23  Supply Depot  
  23  5:50  Marauder  
Tags
 
Matchup
TvT
Race
Terran
Spawn Locations
Cross Positions
Add a new tag
Caveats
  • Supply blocks, unpowered buildings, or Contaminate may cause inaccurate times.
  • Supply counts are checked every 10 seconds.